[Event "Argentine Superior Chess Championship 2023"]
[Site "https://www.chess.com"]
[Date "2023.10.28"]
[Round "1"]
[White "Tokman, Ariel"]
[Black "Acosta, Pablo Ismael"]
[Result "1/2-1/2"]
[Board "1"]
[TimeControl "5400+30"]
[WhiteFideId "117420"]
[BlackFideId "124311"]
[WhiteElo "2306"]
[BlackElo "2482"]
[WhiteTeam "ARG"]
[BlackTeam "ARG"]
[WhiteClock "0:04:49"]
[BlackClock "0:15:03"]

1. Nf3 d5 2. g3 Nf6 3. Bg2 e6 4. O-O c5 5. d3 Nc6 6. e4 dxe4 7. dxe4 Qxd1 8. Rxd1 Nxe4 9. Ne5 Nxe5 10. Bxe4 Be7 11. a4 Nc4 12. Na3 Nxa3 13. Rxa3 g5 14. Be3 Rb8 15. Rc3 b6 16. b4 Bf6 17. Rc4 Ba6 18. Bc6+ Kf8 19. Bb5 Bb7 20. bxc5 Bd5 21. cxb6 axb6 22. Rc7 Kg7 23. c4 Bf3 24. Rdd7 Rhf8 25. c5 bxc5 26. Bxc5 Rfd8 27. Rxf7+ Kg6 28. Rxf6+ Kxf6 29. Be7+ Ke5 30. Bxd8 Rxd8 31. Rc5+ Kd4 32. Rc1 g4 33. Bf1 Ra8 34. Rc4+ Ke5 35. h3 Rb8 36. Rc1 Ra8 37. Ra1 Ra5 38. Bg2 Bxg2 39. Kxg2 h5 40. hxg4 hxg4 41. f3 Kf5 42. Ra3 e5 43. Kf2 Kg5 44. Ke3 gxf3 45. Kxf3 Kf5 46. Ke3 Kg4 47. Ke4 Kg5 48. Kd3 Kg4 49. Kc4 e4 50. Kd4 e3 51. Kxe3 Kxg3 52. Kd4+ Kf4 53. Kc4 Ke5 54. Kb4 Ra8 55. Rd3 Rb8+ 56. Kc5 Ra8 57. Re3 Kf6 58. Ra3 Ke7 59. Kc6 Kd8 60. a5 Kc8 61. a6 Ra7 62. Kb5 Kb8 1/2-1/2

[Event "Argentine Superior Chess Championship 2023"]
[Site "https://www.chess.com"]
[Date "2023.10.28"]
[Round "1"]
[White "Silva, Luca"]
[Black "Perez Ponsa, Federico"]
[Result "0-1"]
[Board "2"]
[TimeControl "5400+30"]
[WhiteFideId "147370"]
[BlackFideId "117927"]
[WhiteElo "2287"]
[BlackElo "2527"]
[WhiteTeam "ARG"]
[BlackTeam "ARG"]
[WhiteClock "0:02:00"]
[BlackClock "0:28:21"]

1. d4 Nf6 2. c4 e6 3. Nf3 d5 4. g3 dxc4 5. Bg2 c6 6. Ne5 Bb4+ 7. Nc3 Nd5 8. O-O Nxc3 9. bxc3 Bxc3 10. Ba3 Qxd4 11. Nxc4 Bxa1 12. Nd6+ Kd7 13. Qb1 Qa4 14. Rd1 Bd4 15. Qc1 e5 16. Nc4 f6 17. Rxd4+ exd4 18. Bh3+ Kd8 19. Bxc8 Kxc8 20. Nd6+ Kd7 21. Nf7 Re8 22. Qc5 Na6 23. Qf5+ Re6 24. Ne5+ fxe5 25. Qf7+ Kd8 0-1

[Event "Argentine Superior Chess Championship 2023"]
[Site "https://www.chess.com"]
[Date "2023.10.28"]
[Round "1"]
[White "Villca, Julian"]
[Black "Gomez, Carlos David"]
[Result "0-1"]
[Board "3"]
[TimeControl "5400+30"]
[WhiteFideId "134902"]
[BlackFideId "114669"]
[WhiteElo "2383"]
[BlackElo "2331"]
[WhiteTeam "ARG"]
[BlackTeam "ARG"]
[WhiteClock "0:00:50"]
[BlackClock "0:04:15"]

1. c4 e5 2. g3 Nc6 3. Bg2 f5 4. Nc3 Nf6 5. d3 Bb4 6. a3 Bxc3+ 7. bxc3 d6 8. Nf3 O-O 9. O-O Qe8 10. Nd2 f4 11. Rb1 b6 12. Nb3 Ng4 13. h3 Nh6 14. g4 Nf7 15. e3 fxe3 16. Bxe3 Bb7 17. Nd2 Ncd8 18. Ne4 Rb8 19. f4 exf4 20. Rxf4 Ne6 21. Rf5 Qe7 22. Qa4 Bxe4 23. dxe4 a5 24. Qc6 Ne5 25. Qb5 g6 26. Rff1 Rxf1+ 27. Rxf1 Rf8 28. Rxf8+ Kxf8 29. Qd5 c6 30. Qd1 Nc5 31. Qb1 Nxc4 32. Bh6+ Ke8 33. Bf1 b5 34. Bxc4 bxc4 35. Qb8+ Kf7 36. Be3 Nxe4 37. Qh8 Qh4 0-1

[Event "Argentine Superior Chess Championship 2023"]
[Site "https://www.chess.com"]
[Date "2023.10.28"]
[Round "1"]
[White "Tristan, Leonardo"]
[Black "Francisco Guecamburu, Candela Be"]
[Result "1/2-1/2"]
[Board "4"]
[TimeControl "5400+30"]
[WhiteFideId "113816"]
[BlackFideId "160911"]
[WhiteElo "2523"]
[BlackElo "2345"]
[WhiteTeam "ARG"]
[BlackTeam "ARG"]
[WhiteClock "0:00:35"]
[BlackClock "0:00:43"]

1. d4 Nf6 2. c4 e6 3. Bf4 Bb4+ 4. Nd2 O-O 5. a3 Be7 6. e4 d5 7. e5 Nfd7 8. cxd5 exd5 9. Bd3 c5 10. Ngf3 Nc6 11. h4 h6 12. Ng5 Nxd4 13. Qh5 Qb6 14. Ndf3 Qxb2 15. Rd1 Nxf3+ 16. Nxf3 c4 17. Bb1 Nc5 18. O-O Nd3 19. Bxd3 cxd3 20. Rxd3 Qe2 21. Rxd5 Qe4 22. Rd4 Qf5 23. Qxf5 Bxf5 24. Be3 Rfc8 25. Rf4 Be6 26. Rb1 b6 27. a4 Bc5 28. Nd4 Bd7 29. Ra1 Re8 30. Nf3 Bxe3 31. fxe3 Rac8 32. Rd1 Bc6 1/2-1/2

[Event "Argentine Superior Chess Championship 2023"]
[Site "https://www.chess.com"]
[Date "2023.10.28"]
[Round "1"]
[White "Peralta, Fernando"]
[Black "Miranda, Rafael"]
[Result "1-0"]
[Board "5"]
[TimeControl "5400+30"]
[WhiteFideId "105309"]
[BlackFideId "130990"]
[WhiteElo "2580"]
[BlackElo "2343"]
[WhiteTeam "ARG"]
[BlackTeam "ARG"]
[WhiteClock "0:29:09"]
[BlackClock "0:28:37"]

1. d4 Nf6 2. c4 g6 3. Nc3 d5 4. cxd5 Nxd5 5. e4 Nxc3 6. bxc3 Bg7 7. Bc4 c5 8. Ne2 O-O 9. O-O Nc6 10. Be3 b6 11. Rc1 Bb7 12. Qd2 Rc8 13. Bb5 cxd4 14. cxd4 Qd6 15. d5 Nb8 16. Bd4 Nd7 17. Bxg7 Kxg7 18. Nd4 Nc5 19. Rfe1 Kg8 20. Rcd1 Rcd8 21. Bc6 Bxc6 22. Nxc6 Rd7 23. e5 Qxc6 24. dxc6 Rxd2 25. Rxd2 Rc8 26. Rc1 a5 27. g3 Rxc6 28. Kg2 Kg7 29. f4 Rc7 30. Kf3 Rb7 31. Rd5 f5 32. exf6+ exf6 33. Rb1 Nd7 34. Rxa5 Rc7 35. Rd5 Kf7 36. Rd2 Ra7 37. Rbb2 Ke7 38. Re2+ Kf7 39. Red2 Ke6 40. Re2+ Kf7 41. Rec2 Ke7 42. Rc6 Ra3+ 43. Kg2 Rd3 44. Re2+ Kd8 45. Rce6 1-0

[Event "Argentine Superior Chess Championship 2023"]
[Site "https://www.chess.com"]
[Date "2023.10.28"]
[Round "1"]
[White "Valerga, Diego"]
[Black "Krysa, Leandro"]
[Result "1-0"]
[Board "6"]
[TimeControl "5400+30"]
[WhiteFideId "100587"]
[BlackFideId "116807"]
[WhiteElo "2428"]
[BlackElo "2546"]
[WhiteTeam "ARG"]
[BlackTeam "ARG"]
[WhiteClock "0:04:52"]
[BlackClock "0:00:34"]

1. d4 Nf6 2. Nf3 d5 3. c4 e6 4. Nc3 dxc4 5. Qa4+ c6 6. Qxc4 b5 7. Qd3 a6 8. g4 c5 9. g5 c4 10. Qc2 Nd5 11. e4 Nb6 12. Be3 Bb7 13. d5 exd5 14. O-O-O Bb4 15. Nd4 O-O 16. Nf5 Re8 17. Rg1 g6 18. Nh6+ Kf8 19. a3 Bd6 20. exd5 N8d7 21. Ng4 b4 22. axb4 Bxb4 23. Rg3 Nc8 24. Rh3 Nd6 25. Rxh7 Kg8 26. Rh3 Rxe3 27. Nxe3 Qxg5 28. Kb1 Rc8 29. Rg3 Qh6 30. Bh3 Rc7 31. Bxd7 Rxd7 32. Qa4 Bxc3 33. Qxd7 Bb4 34. Qd8+ Kg7 35. Qxd6 1-0

[Event "Argentine Superior Chess Championship 2023"]
[Site "https://www.chess.com"]
[Date "2023.10.29"]
[Round "2"]
[White "Acosta, Pablo Ismael"]
[Black "Krysa, Leandro"]
[Result "1/2-1/2"]
[Board "1"]
[TimeControl "5400+30"]
[WhiteFideId "124311"]
[BlackFideId "116807"]
[WhiteElo "2482"]
[BlackElo "2546"]
[WhiteTeam "ARG"]
[BlackTeam "ARG"]
[WhiteClock "0:21:06"]
[BlackClock "0:02:24"]

1. d4 Nf6 2. Nf3 d5 3. c4 e6 4. g3 dxc4 5. Bg2 Nbd7 6. O-O c6 7. Qc2 b5 8. b3 cxb3 9. Qxc6 Rb8 10. axb3 Bb7 11. Qc2 Rc8 12. Qd3 a6 13. Ng5 Bxg2 14. Kxg2 Qb6 15. e4 h6 16. Nf3 Be7 17. Nbd2 O-O 18. Ba3 Bxa3 19. Rxa3 Nb8 20. Rfa1 b4 21. Ra4 Rc3 22. Qb1 Qb7 23. e5 Nd5 24. Ne4 Rfc8 25. Nfd2 Rc2 26. Kh3 Rxd2 27. Nxd2 Nc3 28. Qe1 Nxa4 29. Rxa4 Nc6 30. Ne4 Rd8 1/2-1/2

[Event "Argentine Superior Chess Championship 2023"]
[Site "https://www.chess.com"]
[Date "2023.10.29"]
[Round "2"]
[White "Miranda, Rafael"]
[Black "Valerga, Diego"]
[Result "1/2-1/2"]
[Board "2"]
[TimeControl "5400+30"]
[WhiteFideId "130990"]
[BlackFideId "100587"]
[WhiteElo "2343"]
[BlackElo "2428"]
[WhiteTeam "ARG"]
[BlackTeam "ARG"]
[WhiteClock "0:29:18"]
[BlackClock "0:13:38"]

1. e4 c5 2. Nf3 e6 3. d4 cxd4 4. Nxd4 Nc6 5. Nc3 d6 6. Be3 Nf6 7. Qe2 a6 8. O-O-O Qc7 9. f4 h5 10. g3 Bd7 11. Bg2 Be7 12. Nf3 Rc8 13. Kb1 Ng4 14. Bg1 b5 15. h3 Nf6 16. e5 dxe5 17. Nxe5 Nxe5 18. fxe5 Nh7 19. Bd4 Bc6 20. Ne4 Bxe4 21. Bxe4 Ng5 22. Bg2 Bc5 23. h4 Nh7 24. Bxc5 Qxc5 25. Bb7 Rb8 26. Be4 g6 27. Qd3 Nf8 28. Rhf1 Qc7 29. Qf3 Rb6 30. Rd6 f5 31. Bc6+ Kf7 32. Rfd1 Kg8 33. Qc3 Rh7 34. Qc5 Rf7 35. a3 Rb8 36. Qd4 Rc8 37. c3 Qa7 38. Qf4 Qc5 39. Bf3 a5 40. R1d4 Kh7 41. Bd1 Rcc7 42. Bb3 Rfe7 43. Rd8 Red7 44. Qg5 Rxd8 45. Rxd8 Rf7 46. Qf4 1/2-1/2

[Event "Argentine Superior Chess Championship 2023"]
[Site "https://www.chess.com"]
[Date "2023.10.29"]
[Round "2"]
[White "Francisco Guecamburu, Candela Be"]
[Black "Peralta, Fernando"]
[Result "1/2-1/2"]
[Board "3"]
[TimeControl "5400+30"]
[WhiteFideId "160911"]
[BlackFideId "105309"]
[WhiteElo "2345"]
[BlackElo "2580"]
[WhiteTeam "ARG"]
[BlackTeam "ARG"]
[WhiteClock "0:10:05"]
[BlackClock "0:07:13"]

1. e4 c6 2. d4 d5 3. exd5 cxd5 4. Nf3 Nf6 5. Ne5 Nc6 6. Bb5 Bd7 7. Nxd7 Qxd7 8. c3 a6 9. Bd3 e5 10. dxe5 Nxe5 11. Bf4 Nxd3+ 12. Qxd3 Qe6+ 13. Qe2 Bc5 14. Nd2 O-O 15. Qxe6 fxe6 16. O-O Nh5 17. Be3 Bxe3 18. fxe3 Nf6 19. e4 dxe4 20. Rae1 Rad8 21. Rf2 Rd3 22. Rfe2 Rfd8 23. Nxe4 Nxe4 24. Rxe4 Rd2 25. R1e2 Rxe2 26. Rxe2 Kf7 27. Kf2 Rd3 28. Re3 Rd2+ 29. Re2 Rd3 30. Re3 Rd2+ 31. Re2 1/2-1/2

[Event "Argentine Superior Chess Championship 2023"]
[Site "https://www.chess.com"]
[Date "2023.10.29"]
[Round "2"]
[White "Gomez, Carlos David"]
[Black "Tristan, Leonardo"]
[Result "1/2-1/2"]
[Board "4"]
[TimeControl "5400+30"]
[WhiteFideId "114669"]
[BlackFideId "113816"]
[WhiteElo "2331"]
[BlackElo "2523"]
[WhiteTeam "ARG"]
[BlackTeam "ARG"]
[WhiteClock "0:04:17"]
[BlackClock "0:02:27"]

1. e4 Nf6 2. e5 Nd5 3. d4 d6 4. Nf3 dxe5 5. Nxe5 c6 6. Bd3 g6 7. O-O Bg7 8. Re1 O-O 9. c3 Nd7 10. Nxd7 Qxd7 11. Be4 Qc7 12. Nd2 Be6 13. Nf3 Rad8 14. Qe2 a5 15. a4 Rfe8 16. Bg5 Nb6 17. Qc2 Bd5 18. h4 h6 19. Bc1 e6 20. Ne5 Bxe4 21. Qxe4 Nd5 22. Nd3 Qe7 23. g3 Qf6 24. Bd2 Nb6 25. Bf4 Nd5 26. Bd2 Nb6 27. Bf4 Nd5 28. Bd2 Nb6 1/2-1/2

[Event "Argentine Superior Chess Championship 2023"]
[Site "https://www.chess.com"]
[Date "2023.10.29"]
[Round "2"]
[White "Perez Ponsa, Federico"]
[Black "Villca, Julian"]
[Result "1-0"]
[Board "5"]
[TimeControl "5400+30"]
[WhiteFideId "117927"]
[BlackFideId "134902"]
[WhiteElo "2527"]
[BlackElo "2383"]
[WhiteTeam "ARG"]
[BlackTeam "ARG"]
[WhiteClock "0:05:17"]
[BlackClock "0:02:34"]

1. e4 e5 2. Nf3 Nc6 3. Bb5 a6 4. Ba4 Nf6 5. O-O b5 6. Bb3 Bc5 7. a4 Bb7 8. Re1 d6 9. c3 O-O 10. d4 Bb6 11. Bg5 h6 12. Bh4 Re8 13. axb5 axb5 14. Rxa8 Bxa8 15. Qd3 exd4 16. cxd4 g5 17. e5 Kf8 18. Nxg5 hxg5 19. Bxg5 dxe5 20. Qh3 Qd6 21. Qh6+ Ke7 22. Qg7 Kd7 23. Bxf7 Kc8 24. Bxf6 Rf8 25. Nc3 Nxd4 26. Ra1 Bb7 27. Nd5 Nf5 28. Nxb6+ cxb6 29. Be6+ 1-0

[Event "Argentine Superior Chess Championship 2023"]
[Site "https://www.chess.com"]
[Date "2023.10.29"]
[Round "2"]
[White "Tokman, Ariel"]
[Black "Silva, Luca"]
[Result "1-0"]
[Board "6"]
[TimeControl "5400+30"]
[WhiteFideId "117420"]
[BlackFideId "147370"]
[WhiteElo "2306"]
[BlackElo "2287"]
[WhiteTeam "ARG"]
[BlackTeam "ARG"]
[WhiteClock "0:07:17"]
[BlackClock "0:11:38"]

1. e4 c5 2. Nf3 d6 3. Bb5+ Nd7 4. a4 Ngf6 5. Nc3 g6 6. O-O Bg7 7. a5 a6 8. Be2 b5 9. axb6 Bb7 10. d3 O-O 11. Re1 Nxb6 12. Bf4 Nh5 13. Be3 Qc7 14. Nd2 Nf6 15. Bf4 Bc6 16. Bf3 Qb7 17. Nb3 e5 18. Na5 Qc7 19. Nxc6 Qxc6 20. Bg5 Rfb8 21. Qd2 Ne8 22. Ra2 Nc7 23. Rea1 Nd7 24. Bg4 Nf8 25. Be3 Rb6 26. Qc1 Qb7 27. Nb1 a5 28. Nd2 Rba6 29. Ra4 Nce6 30. Nc4 Qc7 31. c3 R6a7 32. g3 Nd8 33. b4 axb4 34. Rxa7 Rxa7 35. Rxa7 Qxa7 36. cxb4 Qb8 37. bxc5 dxc5 38. Bxc5 Qb3 39. Bxf8 Kxf8 40. Qe3 Qb4 41. Bd7 Bf6 42. Kg2 Kg7 43. h4 Qe7 44. Ba4 Ne6 45. Qd2 Qd8 46. Bc6 Qd4 47. Bd5 Nc5 48. Nb2 Bd8 49. Qe2 Bb6 50. Bc4 Nd7 51. Nd1 Nf6 52. Qf3 h5 53. Ne3 Qd7 54. Bb3 Ba7 55. Qe2 Bc5 56. Bc4 Ba7 57. Nd1 Ng4 58. Qf3 Nf6 59. Bd5 Qc7 60. Ne3 Qd7 61. Bc4 Bc5 62. Qe2 Ba7 63. Qb2 Bd4 64. Qb5 Qxb5 65. Bxb5 Kf8 66. Nc2 Bc5 67. f3 Ke7 68. Bc4 Kf8 69. Na1 Ke7 70. Nb3 Bb6 71. Nc1 Be3 72. Ne2 Ne8 73. f4 f6 74. Kf3 Bd2 75. d4 exd4 76. Nxd4 Bc3 77. Nb5 Bb2 78. Bd5 Kf8 79. Bc6 Ng7 80. Bd7 Ke7 81. Bh3 Ne8 82. Ke3 Bc1+ 83. Kd3 Nd6 84. Nc3 Ne8 85. Bc8 Ba3 86. Ba6 Kf8 87. Nd5 Kg7 88. Bb5 Nd6 89. Bc6 Bc5 90. Nc3 Bf2 91. Ne2 Kf7 92. Bd7 Ke7 93. Bh3 Ke8 94. e5 fxe5 95. fxe5 Nf7 96. Ke4 Ke7 97. Nf4 Bxg3 98. Nxg6+ Ke8 99. e6 Nd8 100. Kd5 Nxe6 101. Kxe6 Be1 102. Kf6 Bd2 103. Bg2 Kd7 104. Bf3 Bc3+ 105. Kg5 Be1 106. Bxh5 Kd6 107. Bf3 Bxh4+ 108. Nxh4 Kc5 109. Kf4 Kd4 110. Nf5+ Kd3 111. Ke5 Kc4 112. Be4 Kc3 113. Kd5 Kb4 114. Kd4 Kb3 115. Bd3 Kb2 116. Kc4 Ka2 117. Kc3 Ka1 118. Nd4 Ka2 119. Nc2 Kb1 120. Bc4 Kc1 121. Ba2 Kd1 122. Nd4 Ke1 123. Nf5 Kf2 124. Bd5 Ke2 125. Be4 Kd1 126. Nd4 Kc1 127. Ne2+ Kd1 128. Kd3 Ke1 129. Ke3 Kf1 130. Nf4 Ke1 131. Bc2 Kf1 132. Bb3 Ke1 133. Ng2+ Kf1 134. Kf3 Kg1 135. Kg3 Kf1 136. Bc4+ Kg1 137. Bd3 Kh1 138. Nf4 Kg1 139. Nh3+ Kh1 140. Be4# 1-0

[Event "Argentine Superior Chess Championship 2023"]
[Site "https://www.chess.com"]
[Date "2023.10.30"]
[Round "3"]
[White "Silva, Luca"]
[Black "Acosta, Pablo Ismael"]
[Result "0-1"]
[Board "1"]
[TimeControl "5400+30"]
[WhiteFideId "147370"]
[BlackFideId "124311"]
[WhiteElo "2287"]
[BlackElo "2482"]
[WhiteTeam "ARG"]
[BlackTeam "ARG"]
[WhiteClock "0:05:41"]
[BlackClock "0:10:40"]

1. d4 Nf6 2. c4 e6 3. Nf3 d5 4. g3 dxc4 5. Bg2 a6 6. Ne5 Bb4+ 7. Nc3 Nd5 8. O-O O-O 9. Ne4 c3 10. bxc3 Nxc3 11. Qc2 Nxe4 12. Bxe4 f5 13. Bf3 Nd7 14. Nd3 Bd6 15. Bb2 Qe7 16. Rae1 Nf6 17. e4 fxe4 18. Bxe4 Nxe4 19. Rxe4 Qg5 20. Ne5 b5 21. f4 Qh6 22. Qe2 Bb7 23. Ng4 Qh3 24. Re3 Bd5 25. Rf2 h5 26. Ne5 Qf5 27. Nf3 Qg4 28. Ng5 Rxf4 29. Qxg4 Rxg4 30. Nxe6 Re8 0-1

[Event "Argentine Superior Chess Championship 2023"]
[Site "https://www.chess.com"]
[Date "2023.10.30"]
[Round "3"]
[White "Villca, Julian"]
[Black "Tokman, Ariel"]
[Result "1-0"]
[Board "2"]
[TimeControl "5400+30"]
[WhiteFideId "134902"]
[BlackFideId "117420"]
[WhiteElo "2383"]
[BlackElo "2306"]
[WhiteTeam "ARG"]
[BlackTeam "ARG"]
[WhiteClock "0:40:59"]
[BlackClock "0:35:34"]

1. d4 Nf6 2. c4 e6 3. Nf3 d5 4. g3 Be7 5. Bg2 O-O 6. O-O c6 7. Nc3 b6 8. Ne5 Bb7 9. e4 dxc4 10. Nxc4 b5 11. Ne3 Nbd7 12. b3 b4 13. Ne2 Nb6 14. Nf4 c5 15. e5 Ne4 16. Bb2 cxd4 17. Qxd4 Bc5 18. Qd3 Qxd3 19. Nxd3 Be7 20. a3 bxa3 21. Bxa3 Bxa3 22. Rxa3 Rfd8 23. b4 Rab8 24. Rc1 Nd2 25. Rc7 Bxg2 26. Kxg2 a6 27. Rxa6 Nd5 28. Nxd5 Rxd5 29. Rd6 Ne4 30. Rxd5 exd5 31. f3 Nd2 32. Kf2 Nb3 33. f4 Kf8 34. Ke3 Ra8 35. f5 Ra2 36. f6 gxf6 37. exf6 Ke8 38. Ne5 d4+ 39. Kf3 Kd8 40. Rxf7 Rxh2 41. Rd7+ 1-0

[Event "Argentine Superior Chess Championship 2023"]
[Site "https://www.chess.com"]
[Date "2023.10.30"]
[Round "3"]
[White "Tristan, Leonardo"]
[Black "Perez Ponsa, Federico"]
[Result "1/2-1/2"]
[Board "3"]
[TimeControl "5400+30"]
[WhiteFideId "113816"]
[BlackFideId "117927"]
[WhiteElo "2523"]
[BlackElo "2527"]
[WhiteTeam "ARG"]
[BlackTeam "ARG"]
[WhiteClock "0:14:47"]
[BlackClock "0:38:22"]

1. d4 Nf6 2. Nf3 d5 3. c3 e6 4. Bf4 c5 5. e3 Bd6 6. Bb5+ Nc6 7. Bxc6+ bxc6 8. Bxd6 Qxd6 9. Qa4 O-O 10. O-O cxd4 11. cxd4 c5 12. Rc1 cxd4 13. Qxd4 Bd7 14. Nbd2 Rfb8 15. Rc5 Qb6 16. Rac1 Be8 17. b3 a5 18. a3 h6 19. Ne5 Qa6 20. Rc7 Rc8 21. h3 Rxc7 22. Rxc7 Qd6 23. Rc5 Qa6 24. Rc7 Qd6 25. Rc5 Qa6 26. Rc7 1/2-1/2

[Event "Argentine Superior Chess Championship 2023"]
[Site "https://www.chess.com"]
[Date "2023.10.30"]
[Round "3"]
[White "Peralta, Fernando"]
[Black "Gomez, Carlos David"]
[Result "1-0"]
[Board "4"]
[TimeControl "5400+30"]
[WhiteFideId "105309"]
[BlackFideId "114669"]
[WhiteElo "2580"]
[BlackElo "2331"]
[WhiteTeam "ARG"]
[BlackTeam "ARG"]
[WhiteClock "0:25:07"]
[BlackClock "0:20:20"]

1. d4 Nf6 2. c4 e6 3. Nc3 Bb4 4. e3 c5 5. Nge2 d5 6. a3 Ba5 7. dxc5 dxc4 8. Qxd8+ Kxd8 9. Bd2 Nbd7 10. Ng3 Nxc5 11. Bxc4 Ncd7 12. Be2 h5 13. b4 Bb6 14. O-O Ne5 15. Nge4 Ke7 16. Nxf6 gxf6 17. Na4 Bd8 18. f4 Nd7 19. Rac1 Rb8 20. b5 Nb6 21. Nc5 Kf8 22. a4 f5 23. Bc3 f6 24. Bf3 Be7 25. Bd4 Kf7 26. Rfd1 Kg6 27. e4 fxe4 28. Bxe4+ Kg7 29. Bf3 Nd5 30. f5 e5 31. Bf2 Nf4 32. Nd7 Ra8 33. Kf1 Re8 34. Be4 Ba3 35. Rc7 Re7 36. Nxf6 Kxf6 37. Bh4+ Kf7 38. Bxe7 Bxe7 39. Rdc1 Bxf5 40. Bxf5 Nd5 41. Rc8 Rxc8 42. Bxc8 b6 43. Bb7 Ne3+ 44. Ke2 Nf5 45. Bd5+ Kf6 46. Rc7 Bc5 47. Rxa7 Bg1 48. Kd3 Bxh2 49. Ra6 Bg1 50. a5 1-0

[Event "Argentine Superior Chess Championship 2023"]
[Site "https://www.chess.com"]
[Date "2023.10.30"]
[Round "3"]
[White "Valerga, Diego"]
[Black "Francisco Guecamburu, Candela Be"]
[Result "1-0"]
[Board "5"]
[TimeControl "5400+30"]
[WhiteFideId "100587"]
[BlackFideId "160911"]
[WhiteElo "2428"]
[BlackElo "2345"]
[WhiteTeam "ARG"]
[BlackTeam "ARG"]
[WhiteClock "0:53:42"]
[BlackClock "0:31:42"]

1. d4 Nf6 2. c4 e6 3. Nc3 Bb4 4. Qb3 c5 5. dxc5 Nc6 6. Nf3 Ne4 7. Bd2 Nxd2 8. Nxd2 Bxc5 9. g3 Nd4 10. Qa4 Qb6 11. O-O-O Bb4 12. Nde4 f5 13. c5 Bxc5 14. Nxc5 Nxe2+ 15. Bxe2 Qxc5 16. Qd4 Qxd4 17. Rxd4 d5 18. f4 Kf7 19. Kd2 Kf6 20. Rc1 h6 21. Na4 Bd7 22. Nc5 Bc6 23. Nd3 Rhc8 24. Ne5 g5 25. Rd3 Be8 26. Rdc3 1-0

[Event "Argentine Superior Chess Championship 2023"]
[Site "https://www.chess.com"]
[Date "2023.10.30"]
[Round "3"]
[White "Krysa, Leandro"]
[Black "Miranda, Rafael"]
[Result "1-0"]
[Board "6"]
[TimeControl "5400+30"]
[WhiteFideId "116807"]
[BlackFideId "130990"]
[WhiteElo "2546"]
[BlackElo "2343"]
[WhiteTeam "ARG"]
[BlackTeam "ARG"]
[WhiteClock "0:11:46"]
[BlackClock "0:12:58"]

1. d4 Nf6 2. c4 g6 3. Nc3 d5 4. Nf3 Bg7 5. e3 O-O 6. cxd5 Nxd5 7. Bc4 Nb6 8. Bb3 Nc6 9. O-O e5 10. d5 Na5 11. e4 Bg4 12. h3 Bd7 13. Bg5 Bf6 14. Bh6 Re8 15. Qd3 Qe7 16. Be3 Rec8 17. Rfd1 Nxb3 18. axb3 c5 19. Nd2 Bg5 20. d6 Qd8 21. Nc4 Nxc4 22. bxc4 Bxe3 23. Qxe3 Rc6 24. Nd5 1-0

[Event "Argentine Superior Chess Championship 2023"]
[Site "https://www.chess.com"]
[Date "2023.10.31"]
[Round "4"]
[White "Acosta, Pablo Ismael"]
[Black "Miranda, Rafael"]
[Result "1-0"]
[Board "1"]
[TimeControl "5400+30"]
[WhiteFideId "124311"]
[BlackFideId "130990"]
[WhiteElo "2482"]
[BlackElo "2343"]
[WhiteTeam "ARG"]
[BlackTeam "ARG"]
[WhiteClock "0:42:26"]
[BlackClock "0:31:32"]

1. d4 Nf6 2. Nf3 e6 3. Bg5 d5 4. c4 h6 5. Bxf6 Qxf6 6. Nc3 c6 7. e3 Nd7 8. Be2 Bb4 9. Rc1 O-O 10. O-O dxc4 11. Bxc4 Bxc3 12. Rxc3 e5 13. dxe5 Nxe5 14. Nxe5 Qxe5 15. f4 Qe4 16. Qe2 Re8 17. Bd3 Qe7 18. e4 Bd7 19. Bc2 Rad8 20. e5 Bc8 21. Qe4 f5 22. Bb3+ Kh8 23. Qe3 a6 24. Rf2 Be6 25. h3 Bxb3 26. Rxb3 Rd1+ 27. Kh2 Red8 28. Re2 R1d4 29. Qg3 Kh7 30. e6 b5 31. Re5 R8d6 32. Rbe3 R4d5 33. Qe1 Rd1 34. Qb4 R1d4 35. Qc5 Rxf4 36. Qxd6 Qxd6 37. e7 Rf3 38. gxf3 Qd2+ 39. Re2 Qf4+ 40. Kg2 Qg5+ 41. Kf1 1-0

[Event "Argentine Superior Chess Championship 2023"]
[Site "https://www.chess.com"]
[Date "2023.10.31"]
[Round "4"]
[White "Francisco Guecamburu, Candela Be"]
[Black "Krysa, Leandro"]
[Result "0-1"]
[Board "2"]
[TimeControl "5400+30"]
[WhiteFideId "160911"]
[BlackFideId "116807"]
[WhiteElo "2345"]
[BlackElo "2546"]
[WhiteTeam "ARG"]
[BlackTeam "ARG"]
[WhiteClock "0:23:01"]
[BlackClock "0:19:02"]

1. e4 c5 2. Nf3 Nc6 3. d4 cxd4 4. Nxd4 Nf6 5. Nc3 d6 6. Bb5 Bd7 7. Be3 g6 8. f3 Bg7 9. Qd2 O-O 10. Nxc6 bxc6 11. Bc4 Qa5 12. O-O Rab8 13. b3 Ng4 14. fxg4 Bxc3 15. Qf2 Bxa1 16. Rxa1 Be6 17. Bd3 c5 18. Bd2 Qc7 19. Be2 c4 20. Be3 a5 21. Bd4 cxb3 22. cxb3 Rb4 23. Qe3 Rc8 24. Ba6 Ra8 25. Rc1 Qd7 26. Be2 Bxg4 27. Bc3 Bxe2 28. Bxb4 axb4 29. Qxe2 Qa7+ 30. Kh1 Qxa2 31. Qc4 Qd2 32. Rf1 e6 33. Qc6 Rf8 34. h3 Qc3 35. Qxd6 Qxb3 36. Qb6 Qc4 37. Rb1 Qxe4 38. Rxb4 Qe1+ 39. Kh2 Qe5+ 40. Kh1 Ra8 41. Rb1 Ra1 42. Rxa1 Qxa1+ 43. Kh2 h5 44. Qd6 Kg7 45. Qc7 Qd4 46. Qe7 e5 47. h4 e4 48. g4 Qf2+ 49. Kh1 Qf6 0-1

[Event "Argentine Superior Chess Championship 2023"]
[Site "https://www.chess.com"]
[Date "2023.10.31"]
[Round "4"]
[White "Gomez, Carlos David"]
[Black "Valerga, Diego"]
[Result "1/2-1/2"]
[Board "3"]
[TimeControl "5400+30"]
[WhiteFideId "114669"]
[BlackFideId "100587"]
[WhiteElo "2331"]
[BlackElo "2428"]
[WhiteTeam "ARG"]
[BlackTeam "ARG"]
[WhiteClock "0:01:58"]
[BlackClock "0:15:36"]

1. e4 c5 2. Nf3 e6 3. d4 cxd4 4. Nxd4 Nf6 5. Nc3 d6 6. g4 h6 7. h3 Nc6 8. Bg2 Bd7 9. b3 a6 10. Bb2 Be7 11. Qd2 Qc7 12. O-O-O O-O-O 13. Rhe1 Kb8 14. Kb1 Nxd4 15. Qxd4 Rc8 16. f4 Rhd8 17. Qf2 Be8 18. Rd3 Nd7 19. Red1 g5 20. f5 Bf6 21. Qd2 Nc5 22. Nd5 exd5 23. Bxf6 Nxd3 24. Bxd8 Rxd8 25. Qxd3 dxe4 26. Bxe4 Qe7 27. Bd5 Qe5 28. Qd2 Rc8 29. Re1 Qf6 30. Re4 Bc6 31. Rb4 Rc7 32. Rd4 Qe5 33. Rd3 Rc8 34. a4 Bxd5 35. Rxd5 Qg3 36. Rd3 Qg1+ 37. Kb2 Re8 38. Rxd6 Re1 39. Rd8+ Ka7 40. Qd4+ Qxd4+ 41. Rxd4 Re3 42. Rd3 Re4 43. Rd7 Re3 44. Rxf7 Rxh3 45. Rc7 h5 46. Rc4 h4 47. Rc8 Rg3 48. f6 Rf3 49. Rg8 Rxf6 50. Rxg5 Rh6 51. Rf5 h3 52. Rf1 h2 53. Rh1 Rg6 54. Rxh2 Rxg4 55. Rh5 Rg3 56. Rf5 Kb6 57. a5+ Kc7 58. Rc5+ Kb8 59. Ka3 Rg4 60. c4 Ka7 61. Rc8 Rg5 62. Kb4 Rg3 63. Rd8 Rh3 64. Ka4 Rc3 65. Rc8 Rc1 66. Kb4 Rh1 67. Rd8 Rh3 68. Rd7 Rg3 69. Ka4 Rc3 70. Ka3 Rh3 71. Kb2 Rh5 72. Rd5 Rh3 73. Kc2 Kb8 74. Rd3 Rh5 75. b4 Rh4 76. Kc3 Kc7 77. Re3 Rf4 78. Kd3 Rg4 79. Re4 Rg1 80. Kd4 Kd6 81. Re2 Rg4+ 82. Kd3 Rg1 83. Rh2 Rg3+ 84. Kc2 Kc7 85. Rh7+ Kc6 86. Rh6+ Kc7 87. Rb6 Rg2+ 88. Kb3 Rg3+ 89. Ka4 Rc3 90. c5 Rg3 91. Rh6 Rf3 92. Rg6 Rh3 93. Rg7+ Kc6 94. Rg6+ Kc7 95. Rb6 Rg3 96. c6 bxc6 97. Rxa6 Kb7 98. Rb6+ Kc7 99. b5 Rg4+ 100. Ka3 1/2-1/2